[Event "Varsity Match 2024"]
[Site "Pall Mall"]
[Date "2024.03.02"]
[Round "1.2"]
[White "Hand, Freddie"]
[Black "Powierski, Emil"]
[Result "1/2-1/2"]
[ECO "D35"]
[WhiteElo "2190"]
[BlackElo "2288"]
[Annotator "TA"]
[PlyCount "91"]
[EventDate "2024.03.01"]
[EventType "team-tourn"]
[EventCountry "ENG"]
[SourceTitle "playchess.com"]
[Source "ChessBase"]
[SourceQuality "1"]
[TimeControl "40/6600+10:3000+30"]

1. d4 Nf6 2. c4 e6 3. Nc3 d5 4. cxd5 exd5 5. Bg5 c6 6. e3 h6 7. Bh4 Be7 8. Bd3 O-O 9. Nge2 Ne8 10. Bg3 Nd6 11. Qc2 {[%emt 0:02:16] Weiß steht etwas besser.} Re8 12. O-O Bf8 13. b4 Nd7 14. b5 Nb6 15. bxc6 bxc6 16. Na4 Ndc4 17. Nc5 a5 18. Nc3 Na3 19. Qc1 Bxc5 20. dxc5 Nbc4 21. Nb1 Nxb1 22. Rxb1 Qe7 23. Bxc4 dxc4 24. Bd6 (24. Qxc4 $2 Ba6 25. Qc3 Bxf1 26. Rxf1 Qe4 $17) 24... Qg5 25. Kh1 ({Und nicht} 25. Qxc4 Ba6 26. Qc2 Bxf1 27. Rxf1 Qh4 $17) 25... Bf5 26. Rb2 (26. Rb6 $14) 26... Bd3 27. Re1 {[%emt 0:01:28][%cal Bf1e1,Be1c1,Bc1c3][%mdl 32] Weiss ist schwach auf den weissen Feldern} Qf6 28. f3 a4 29. Rb6 a3 30. Qd2 Ra7 31. e4 (31. Rxc6 $2 {geht unter.} Rb7 32. e4 Rb2 $19) 31... Qd4 {[%emt 0:00:02] ...c3 ist eine echte Drohung.} 32. Rc1 Rea8 33. h3 Ra6 34. Rb7 Ra5 35. Qf4 Qf6 36. Qxf6 gxf6 37. Rc3 R8a6 38. Rb6 (38. Rb8+ Kg7 $17) 38... f5 39. exf5 Bxf5 40. Rxc4 Be6 41. Rc2 Bd5 42. Rxa6 Rxa6 43. Bf4 Kh7 44. Bc1 Ra4 45. Re2 Ra5 46. Rc2 {[%emt 0:11:52] Gewichteter Fehlerwert: Weiß=0.07 (makellos) /Schwarz=0.09 (makellos) .  Fehler:       	Weiß=1     	---        Ungenau:       	Weiß=3     	Schwarz=2     OK:         	Weiß=17    	Schwarz=16    Bester:       	Weiß=2     	---} 1/2-1/2

[Event "Varsity Match 2024"]
[Site "Pall Mall"]
[Date "2024.03.02"]
[Round "1.3"]
[White "Sivakumar, Ashvin"]
[Black "Petr, Jan"]
[Result "1-0"]
[ECO "D27"]
[WhiteElo "2182"]
[BlackElo "2282"]
[Annotator "TA"]
[PlyCount "129"]
[EventDate "2024.03.01"]
[EventType "team-tourn"]
[EventCountry "ENG"]
[SourceTitle "playchess.com"]
[Source "ChessBase"]
[SourceQuality "1"]
[TimeControl "40/6600+10:3000+30"]

1. d4 d5 2. c4 dxc4 3. e3 Nf6 4. Bxc4 e6 5. Nf3 c5 6. O-O a6 7. dxc5 Bxc5 8. a3 b5 9. Qxd8+ Kxd8 10. Be2 Bb7 11. b4 Bd6 12. Bb2 Ke7 13. Nbd2 Nbd7 14. Nb3 Rhc8 15. Rac1 {[%emt 0:07:13] Prevents Rc2. The position is equal.} Bd5 16. Nfd4 Nb6 17. Na5 Kd7 (17... Ne4 $5) 18. f3 $1 Nc4 (18... Bc4 {simplifies} 19. Rfd1 Bxe2 20. Nxe2 Rxc1 21. Nxc1 Ke7) 19. Bxc4 Bxc4 20. Rfd1 Nd5 {[%emt 0:03:35] Black is now going downhill.} (20... Ne8 $14) 21. Kf2 f5 {[%emt 0:00:38] [#]} (21... f6 $16 {was worth a try.}) 22. Nxf5 $1 $18 exf5 23. Nxc4 (23. Bxg7 $2 {is the wrong capture.} Ke6 (23... Bxh2 $2 24. Nxc4 Ke6 25. Rxd5 $18) 24. Bd4 h5 $19 (24... Bxh2 25. f4 $15)) 23... Rxc4 24. Rxc4 (24. Rxd5 Rxc1 25. Bxc1 Rc8 $14 (25... Ke6 26. Rd2 $14)) 24... bxc4 25. Rxd5 {[%emt 0:00:04][%mdl 4096] Endgame. KRB-KRB} Ke6 26. Ra5 Rc8 (26... g6 $142 27. g3 Bc7) 27. Rxa6 c3 28. Bc1 Kd5 29. Ke2 Bxh2 30. Kd3 g5 31. Rh6 Bd6 32. Rxh7 c2 (32... g4 $142 33. Rh6 gxf3) 33. Rh6 {[%emt 0:01:42] And now e4+ would win.} g4 34. Rf6 g3 (34... Kc6 $142 35. Rxf5 (35. Kxc2 Kd7+ 36. Kb1 gxf3 $18) 35... gxf3 36. gxf3 (36. Kxc2 fxg2 37. Rg5 Be5 $18) 36... Kd7) 35. Rxf5+ Ke6 36. Rg5 Rh8 37. f4 Rc8 38. Rg6+ Kd7 39. Rxg3 Be7 40. Rg6 Ke8 41. Rg8+ Bf8 42. g4 Kf7 43. Rg5 Be7 44. Rh5 Ke6 45. Rh2 Bf6 46. Rxc2 Rh8 47. Rc6+ Ke7 {[%emt 0:00:00] [#]} 48. Rxf6 $1 {[%emt 0:00:00] KRB-KR} Rd8+ 49. Ke4 {[%emt 0:00:00] Intending Bb2 and mate.} Kxf6 {[%emt 0:00:00] KR-KB} 50. Bb2+ Kg6 51. a4 {[%emt 0:00:00][%cal Ba3a4,Ba4a5][%mdl 32] White mates.} Rd2 52. Bd4 Rg2 53. a5 Ra2 54. Kd5 Kf7 55. Kc6 Ke8 56. a6 Rxa6+ 57. Kc7 Ra2 58. b5 Rc2+ 59. Kd6 Rc1 60. b6 Rb1 61. g5 Kf7 62. f5 Kf8 63. Kc6 Rc1+ 64. Bc5+ Rxc5+ 65. Kxc5 {[%emt 0:00:00] Weighted Error Value: White=0.39/Black=0.40.  Mistake:       	---       	Black=5      Inaccurate:     	White=1     	Black=1      OK:         	White=11    	Black=7      Best:        	White=2     	---        Strong:       	White=1     	---} 1-0

[Event "Varsity Match 2024"]
[Site "Pall Mall"]
[Date "2024.03.02"]
[Round "1.4"]
[White "Williams, Johann"]
[Black "Gallagher, Daniel GH"]
[Result "0-1"]
[ECO "E66"]
[WhiteElo "2038"]
[BlackElo "2219"]
[Annotator "RC"]
[PlyCount "118"]
[EventDate "2024.03.01"]
[EventType "team-tourn"]
[EventCountry "ENG"]
[SourceTitle "playchess.com"]
[Source "ChessBase"]
[SourceQuality "1"]
[TimeControl "40/6600+10:3000+30"]

1. d4 Nf6 2. c4 g6 3. Nf3 Bg7 4. g3 O-O 5. Bg2 d6 6. Nc3 Nc6 7. d5 Na5 8. Nd2 c5 9. O-O a6 10. Rb1 Rb8 11. a3 b5 12. cxb5 axb5 13. b4 cxb4 14. axb4 Nc4 15. Nxc4 bxc4 16. h3 Qc7 17. Qc2 Bd7 18. e4 Rb7 19. Bd2 Rfb8 20. Ne2 Qc8 21. Kh2 c3 22. Nxc3 Rxb4 23. Rxb4 Rxb4 24. Rc1 Rc4 25. Qb3 h5 26. Ne2 Rxc1 27. Nxc1 Ne8 28. Be3 Nc7 29. Nd3 Nb5 30. Nb4 Nd4 31. Qd3 Bb5 32. Qd2 Qc4 33. Bxd4 Bxd4 34. Nc6 Bf6 35. e5 dxe5 36. d6 Bxc6 37. d7 Bxd7 38. Qxd7 Kg7 39. Qd2 Qc5 40. Qe2 Qd4 41. h4 e6 42. Qe3 Qb2 43. Kg1 Bd8 44. Qe1 Bb6 45. Bf1 Qd4 46. Qe2 e4 47. Bg2 f5 48. Bf1 Kf6 49. Bg2 Bc5 50. Bf1 Qe5 51. Kh1 f4 52. gxf4 Qxf4 53. Qb2+ e5 54. Qb8 Qxh4+ 55. Bh3 Qxh3+ 56. Kg1 Qg3+ 57. Kh1 Qf3+ 58. Kh2 Qxf2+ 59. Kh3 Qf1+ 0-1

[Event "Varsity Match 2024"]
[Site "Pall Mall"]
[Date "2024.03.02"]
[Round "1.5"]
[White "French, Max"]
[Black "Ratnesan, Ranesh"]
[Result "1/2-1/2"]
[ECO "D36"]
[WhiteElo "2226"]
[BlackElo "2138"]
[Annotator "TA"]
[PlyCount "94"]
[EventDate "2024.03.01"]
[EventType "team-tourn"]
[EventCountry "ENG"]
[SourceTitle "playchess.com"]
[Source "ChessBase"]
[SourceQuality "1"]
[TimeControl "40/6600+10:3000+30"]

1. d4 d5 2. c4 e6 3. Nc3 Nf6 4. cxd5 exd5 5. Bg5 c6 6. e3 Be7 7. Bd3 Nbd7 8. Qc2 h6 9. Bh4 Nh5 10. Bxe7 Qxe7 11. Nf3 Nf4 12. O-O Nxd3 13. Qxd3 O-O 14. Rfe1 f5 (14... Nf6 $11) 15. Rac1 $14 Qd6 16. Na4 f4 17. Nc5 fxe3 18. Qxe3 Nxc5 19. dxc5 Qf6 20. Qe5 Bg4 21. Qxf6 Rxf6 22. Nd2 Raf8 23. f3 Bd7 24. Rc3 Kf7 25. Ra3 a6 26. Rb3 Bc8 27. Kf2 g5 28. Rbe3 Re6 29. Nb3 Rxe3 30. Rxe3 $11 {[%emt 0:00:12][%mdl 4096] Endgame. KRB-KRN} Kf6 31. Nd4 h5 32. b4 h4 33. a4 Bd7 34. a5 Rf7 35. Ke2 Rg7 36. Kd3 g4 37. fxg4 Bxg4 38. g3 h3 39. Re1 Bf5+ 40. Kc3 {[%emt 0:00:34] [#] And now Rf1 would win.} Be4 41. Rf1+ Ke5 42. Rf8 Rg4 (42... Rxg3+ $5 43. hxg3 h2 44. Re8+ Kf6 45. Rf8+ Ke5 46. Re8+ Kf6 47. Rf8+ Ke7 $14) 43. Rf2 (43. Rf7 Rxg3+ 44. hxg3 h2) 43... Bg2 {[%emt 0:03:44] The position is equal.} 44. Rf5+ Ke4 45. Rf2 {[%emt 0:01:56][%cal Rf2e2] [#]} Ke5 46. Rf5+ Ke4 47. Rf2 Ke5 {[%emt 0:00:53] Weighted Error Value: White=0.07 (flawless) /Black=0.07 (flawless) .  Mistake:       	---       	Black=1      Inaccurate:     	White=4     	Black=2      OK:         	White=10    	Black=20     Best:        	---       	Black=2} 1/2-1/2

[Event "Varsity Match 2024"]
[Site "Pall Mall"]
[Date "2024.03.02"]
[Round "1.6"]
[White "Rushbrooke, Remy"]
[Black "Miller, Dominic"]
[Result "1/2-1/2"]
[ECO "A05"]
[WhiteElo "2085"]
[BlackElo "2086"]
[Annotator "NA RC"]
[PlyCount "84"]
[EventDate "2024.03.01"]
[EventType "team-tourn"]
[EventCountry "ENG"]
[SourceTitle "playchess.com"]
[Source "ChessBase"]
[SourceQuality "1"]
[TimeControl "40/6600+10:3000+30"]

1. Nf3 Nf6 2. g3 g6 3. Bg2 Bg7 4. O-O O-O 5. b3 d5 6. Bb2 c5 7. d4 cxd4 8. Nbd2 Re8 9. Bxd4 Nc6 10. Bb2 e5 11. e3 h6 12. c4 e4 13. Nd4 Ne5 14. cxd5 Nd3 15. Nxe4 Nxb2 16. Nxf6+ Bxf6 17. Qc2 Bxd4 18. exd4 Bf5 19. Qxb2 Be4 20. Bxe4 Rxe4 21. Qd2 Qxd5 22. Qxh6 Rxd4 23. Rac1 Rd8 24. Qe3 a5 25. Rc7 b5 26. Re7 a4 27. Re5 Qc6 28. Re1 Rd1 29. Qf4 Qc2 30. Rxd1 Qxd1+ 31. Kg2 axb3 32. axb3 Qxb3 33. Qg5 Qd3 34. h4 Rf8 35. Qf4 Qc4 36. Qf6 Rc8 37. Kh2 Qc6 38. Qf4 Re8 39. Rxe8+ Qxe8 40. h5 gxh5 41. Qg5+ Kf8 42. Qxh5 Qc6 1/2-1/2

[Event "Varsity Match 2024"]
[Site "Pall Mall"]
[Date "2024.03.02"]
[Round "1.7"]
[White "Gurner, Jem"]
[Black "Goh, Jinghan Cameron"]
[Result "0-1"]
[ECO "E39"]
[WhiteElo "1968"]
[BlackElo "1972"]
[Annotator "NA RC"]
[PlyCount "106"]
[EventDate "2024.03.01"]
[EventType "team-tourn"]
[EventCountry "ENG"]
[SourceTitle "playchess.com"]
[Source "ChessBase"]
[SourceQuality "1"]
[TimeControl "40/6600+10:3000+30"]

1. d4 Nf6 2. c4 e6 3. Nc3 Bb4 4. Qc2 c5 5. dxc5 Na6 6. a3 Bxc3+ 7. Qxc3 Nxc5 8. Nf3 O-O 9. g3 b6 10. Bg2 Bb7 11. O-O Rc8 12. Rd1 d5 13. Ne5 Nfe4 14. Qc2 Qf6 15. Ng4 Qf5 16. b4 Qxg4 17. bxc5 Nxc5 18. cxd5 Na4 19. Qd3 Nc3 20. Rd2 Bxd5 21. Bxd5 Nxd5 22. Bb2 h5 23. e4 Nf4 24. Qe3 Ng6 25. f3 Qh3 26. Rad1 Kh7 27. Rd7 h4 28. Qf2 a5 29. Rb7 Rc6 30. Rd2 Rfc8 31. Qg2 Qxg2+ 32. Kxg2 Rc2 33. Rbd7 e5 34. Kh3 hxg3 35. hxg3 b5 36. R7d5 Rxd2 37. Rxd2 b4 38. axb4 axb4 39. Rd5 f6 40. Rb5 Rc4 41. Kg4 Ne7 42. f4 exf4 43. Kxf4 f5 44. Kf3 fxe4+ 45. Ke3 Kg6 46. g4 Ng8 47. Bd4 Nf6 48. g5 Ne8 49. Re5 Nc7 50. Kxe4 b3 51. Kd3 Rxd4+ 52. Kc3 Rd5 53. Re7 Rb5 0-1

[Event "Varsity Match 2024"]
[Site "Pall Mall"]
[Date "2024.03.02"]
[Round "1.8"]
[White "Ramaiya, Arushi"]
[Black "Camp, Imogen A L"]
[Result "1/2-1/2"]
[ECO "C39"]
[WhiteElo "1777"]
[BlackElo "1896"]
[Annotator "NA RC"]
[PlyCount "108"]
[EventDate "2024.03.01"]
[EventType "team-tourn"]
[EventCountry "ENG"]
[SourceTitle "playchess.com"]
[Source "ChessBase"]
[SourceQuality "1"]
[TimeControl "40/6600+10:3000+30"]

1. e4 e5 2. f4 exf4 3. Nf3 g5 4. h4 g4 5. Ne5 d6 6. Nxg4 Be7 7. d4 Bxh4+ 8. Nf2 Qg5 9. Qf3 Bg3 10. Bc4 Nc6 11. c3 Nf6 12. Kf1 Bxf2 13. Bxf4 Qg6 14. Qxf2 Nxe4 15. Qe3 Rg8 16. g3 Ne7 17. Rh6 Nxg3+ 18. Bxg3 Qxg3 19. Bxf7+ Kf8 20. Qxg3 Rxg3 21. Kf2 Rg5 22. Bb3 Kg7 23. Rh2 Bd7 24. Nd2 Rf8+ 25. Ke2 h5 26. Ne4 Bg4+ 27. Kd2 Rgf5 28. Rg1 d5 29. Ng3 Rf2+ 30. Rxf2 Rxf2+ 31. Ke1 Rh2 32. Nxh5+ Rxh5 33. Rxg4+ Kf6 34. Rg2 b6 35. Re2 c5 36. Kd2 Nc6 37. Ba4 Ne7 38. Bd7 Rg5 39. dxc5 bxc5 40. Re6+ Kf7 41. Ra6 Rg2+ 42. Kc1 c4 43. Be6+ Kf8 44. Rxa7 Rg1+ 45. Kd2 Rg2+ 46. Ke3 Rxb2 47. Ra8+ Kg7 48. Kd4 Rd2+ 49. Kc5 Kf6 50. Bxd5 Nxd5 51. Rd8 Nxc3 52. Rxd2 Ne4+ 53. Kxc4 Nxd2+ 54. Kb5 Ke6 1/2-1/2